 Dungeon Crawl Stone Soup version 0.26.0-10-g1f06aea511 (webtiles) character file.

Game seed: 555476202910798574

82 Borgoz the Slasher (level 4, 0/37 HPs)
             Began as a Ghoul Gladiator on Jan 18, 2021.
             Slain by Sigmund
             ... wielding a cursed +0 scythe
              (12 damage)
             ... on level 3 of the Dungeon.
             The game lasted 00:02:15 (1894 turns).

Borgoz the Slasher (Ghoul Gladiator)                Turns: 1894, Time: 00:02:15

Health: 0/37       AC:  8    Str: 17    XL:     4   Next: 43%
Magic:  3/3        EV: 11    Int:  3    God:
Gold:   92         SH:  3    Dex: 11    Spells: 3/3 levels left

rFire    . . .     SeeInvis .   a - +0 long sword
rCold    + . .     Faith    .   h - +0 buckler
rNeg     + + +     Spirit   .   l - +0 ring mail
rPois    ∞         Reflect  .   c - +0 helmet
rElec    .         Harm     .   k - +0 cloak
rCorr    +         Rampage  .   (no gloves)
Will     .....                  g - +0 pair of boots
Stlth    +.........             (no amulet)
HPRegen  0.00/turn              e - ring of resist corrosion
MPRegen  0.08/turn              (no ring)

@: flying
A: claws 1, cold resistance 1, negative energy resistance 3, inhibited
regeneration, torment resistance, unbreathing
a: no special abilities


You were on level 3 of the Dungeon.
You visited 1 branch of the dungeon, and saw 3 of its levels.

You collected 92 gold pieces.

Inventory:

Hand Weapons
 a - a +0 long sword (weapon)
Missiles
 d - 3 throwing nets (quivered)
Armour
 c - a +0 helmet (worn)
 g - a +0 pair of boots (worn)
 h - a +0 buckler (worn)
 k - a +0 cloak (worn)
 l - a +0 ring mail (worn)
Jewellery
 e - a ring of resist corrosion (left claw)
 f - an uncursed ring of flight
Scrolls
 b - a scroll of remove curse {unknown}
 j - a scroll of blinking
 m - a scroll of enchant weapon {unknown}
 n - a scroll of teleportation {unknown}


   Skills:
 + Level 2.9 Fighting
 * Level 3.6 Long Blades
 - Level 1.7 Throwing
 + Level 1.3 Armour
 + Level 3.2 Dodging


You had 3 spell levels left.
You didn't know any spells.
Your spell library was empty.

Dungeon Overview and Level Annotations

Branches:
Dungeon (3/15)

Altars:
The Shining One

Annotations:
D:3 Sigmund


Innate Abilities, Weirdness & Mutations

You thrive by killing the living.
You are immune to poison.
You have sharp fingernails.
Your flesh is cold resistant. (rC+)
You are immune to negative energy. (rN+++)
You do not regenerate when monsters are visible.
You are immune to unholy pain and torment.
You can survive without breathing.


Message History

Sigmund hits you with a cursed +0 scythe!
You barely miss Sigmund.
The quokka bites you but does no damage.
Sigmund casts a spell at himself.
Sigmund flickers and vanishes!
Deactivating autopickup; reactivate with Ctrl-A.
Your ring mail prevents you from hitting something.
The quokka bites you.
You hear some strange, mumbled words.
A magic dart appears from out of thin air!
The magic dart hits you.
The quokka bites you but does no damage.
You closely miss something. The quokka closely misses you.
You riposte.
You hit the quokka.
The quokka is almost dead.
Something hits you but does no damage.
You closely miss something. The quokka barely misses you. Something hits you!
The quokka barely misses you.
You miss something. The quokka bites you. Something hits you!
You die...

#.# #.# #.# #.#
#.# #.#
#.####.##
.........####.#
##.####...@{l.#
.........r......
#############...
#


You could see a quokka and a frilled lizard.

Vanquished Creatures
  2 adders (D:2)
  3 worms (D:2)
  A dart slug (D:1)
  3 leopard geckos
  3 giant cockroaches
  3 goblins
  7 hobgoblins
  2 jackals (D:2)
  A quokka (D:2)
  A ball python (D:1)
  4 bats
  5 frilled lizards (D:1)
  5 kobolds
  12 rats
52 creatures vanquished.

Notes
Turn   | Place    | Note
-------+----------+-------------------------------------------
     0 | D:1      | Borgoz the Ghoul Gladiator began the quest for the Orb.
     0 | D:1      | Reached XP level 1. HP: 17/17 MP: 0/0
   108 | D:1      | Reached XP level 2. HP: 19/25 MP: 1/1
   576 | D:1      | Reached XP level 3. HP: 30/30 MP: 2/2
   997 | D:2      | Reached skill level 1 in Armour
  1151 | D:2      | Reached XP level 4. HP: 31/37 MP: 3/3
  1520 | D:2      | Found a glowing golden altar of the Shining One.
  1886 | D:3      | Noticed Sigmund
  1894 | D:3      | Slain by Sigmund

Illustrated notes

Levels and vault maps discovered:
D:1:      dpeg_arrival_boxorama, layout_basic, minmay_crystal_room,
          minmay_surrounded
D:2:      layout_loops_ring, nicolae_overflow_hidden_temple
D:3:      lemuel_upstairs_altar, layout_loops_ring, lemuel_crystal_altar,
          general_overflow_altar, nicolae_overflow_crystal_walls, uniq_natasha,
          uniq_crazy_yiuf_cottage, uniq_terence, uniq_sigmund, uniq_jessica

Skill      XL: |  1  2  3 |
---------------+----------+-----
Long Blades    | 3 |  3.6
Dodging        | 3 |  3.2
Armour         | 1 |  1.3
Fighting       | |  2.9
Throwing       | |  1.7

Action                   |  1- 3 |  4- 6 || total
-------------------------+-------+-------++-------
Melee: Long sword        |   108 |    34 ||   142
  Use: Scroll            |     3 |       ||     3
       Potion            |       |     1 ||     1
Armor: Leather armour    |    28 |       ||    28
       Ring mail         |     8 |     9 ||    17
Dodge: Dodged            |    60 |    13 ||    73
Block: Buckler           |     8 |     4 ||    12
       Rpst.: Long sword |    18 |     2 ||    20
